 Dungeon Crawl Stone Soup version 0.21-a0-498-g1b60429 (webtiles) character file.

192 wvc the Protected (level 5, -7/43 HPs)
             Began as a Gnoll Wanderer on Nov 24, 2017.
             Was an Initiate of Okawaru.
             Mangled by mortelune's ghost (9 damage)
             ... on level 3 of the Dungeon.
             The game lasted 00:04:53 (1897 turns).

wvc the Protected (Gnoll Wanderer)                  Turns: 1897, Time: 00:04:54

Health: -7/43      AC:  6    Str: 11    XL:     5   Next: 71%
Magic:  7/7        EV: 11    Int: 19    God:    Okawaru [......]
Gold:   79         SH:  0    Dex: 17    Spells: 7/7 levels left

rFire    . . .     SeeInvis .   c - +0 hand crossbow
rCold    . . .     Gourm    .   (no shield)
rNeg     . . .     Faith    .   e - +0 ring mail
rPois    .         Spirit   .   (no helmet)
rElec    .         Reflect  .   (no cloak)
rCorr    .         Harm     .   (no gloves)
MR       .....                  (no boots)
Stlth    ++........             (no amulet)
HPRegen  0.14/turn              i - +3 ring of intelligence
MPRegen  0.10/turn              (no ring)

@: no status effects
A: distributed training, fangs 1, strong nose
a: Renounce Religion


You were on level 3 of the Dungeon.
You worshipped Okawaru.
Okawaru was noncommittal.
You were not hungry.

You visited 1 branch of the dungeon, and saw 3 of its levels.

You collected 79 gold pieces.

Inventory:

Hand Weapons
 b - a +2 blowgun
 c - a +0 hand crossbow (weapon)
 g - a +0 spear
Missiles
 a - 2 curare-tipped needles
 d - 35 bolts (quivered)
 h - 4 javelins
Armour
 e - a +0 ring mail (worn)
Jewellery
 i - a +3 ring of intelligence (left hand)
 q - an uncursed ring of teleportation
Wands
 j - a wand of random effects (16)
Scrolls
 n - a scroll of magic mapping {unknown}
 o - 2 scrolls of teleportation
Potions
 k - 2 potions of cancellation
 l - a potion of flight {unknown}
 p - a potion of brilliance {unknown}
Comestibles
 f - 3 bread rations
 m - a chunk of flesh


   Skills:
 + Level 4.8 Fighting
 + Level 1.5 Short Blades
 + Level 1.5 Long Blades
 + Level 1.5 Axes
 + Level 1.5 Maces & Flails
 + Level 1.5 Polearms
 + Level 1.5 Staves
 + Level 1.5 Slings
 + Level 1.5 Bows
 + Level 4.8 Crossbows
 + Level 3.0 Throwing
 + Level 8.6 Armour
 + Level 1.5 Dodging
 + Level 2.8 Stealth
 + Level 1.5 Shields
 + Level 1.5 Unarmed Combat
 + Level 1.5 Spellcasting
 + Level 1.2 Conjurations
 + Level 1.2 Hexes
 + Level 1.2 Charms
 + Level 1.2 Summonings
 + Level 1.2 Necromancy
 + Level 1.2 Translocations
 + Level 1.2 Transmutations
 + Level 1.2 Fire Magic
 + Level 1.2 Ice Magic
 + Level 1.2 Air Magic
 + Level 1.2 Earth Magic
 + Level 1.2 Poison Magic
 + Level 1.7 Invocations
 + Level 1.5 Evocations


You had 7 spell levels left.
You didn't know any spells.

Dungeon Overview and Level Annotations

Branches:
Dungeon (3/15)

Altars:
Okawaru
Ru
The Shining One

Annotations:
D:3 mortelune's ghost, amateur GrFi


Innate Abilities, Weirdness & Mutations

Your experience applies equally to all skills.
You have very sharp teeth.
Your uncanny sense of smell can sniff out nearby items.


Message History

Firing (i - inventory. (,) - cycle):
d - 28 bolts (quivered)
Press: ? - help, Shift-Dir - straight line, f/p - mortelune's ghost
Aim: mortelune's ghost (lightly damaged)
You shoot a bolt.
The bolt hits mortelune's ghost but does no damage.
Mortelune's ghost is lightly damaged.
Mortelune's ghost hits you!
* * * LOW HITPOINT WARNING * * *
You are too injured to fight recklessly!
You are too injured to fight recklessly!
You are too injured to fight recklessly!
You are too injured to fight recklessly!
You are too injured to fight recklessly!
Some of the chunks of flesh in your inventory have rotted away.
Mortelune's ghost hits you!
* * * LOW HITPOINT WARNING * * *
You see here 8 bolts.
d - 35 bolts (gained 8) Mortelune's ghost hits you!
You die...

#.##.#.##......##
#.....<)........####
####.#.##..(......... ..
#.##.......##### ##
#.###.....## #........##
############.### #.......#
#.# #.#####.# #@#########
#.# #.# #W#.......#
#.#####.####.#.#####.#
#.#...............##.###
#.#.###.####.#.##......#
#.#.# #.###....#####.#.#
#.#.###.##...........#.#
#.......###...########.#####
###.##### ##.## #.........#


You could see mortelune's ghost.

Vanquished Creatures
  An orc priest (D:3)
  Natasha (thrice) (D:2)
  A gnoll (D:1)
  An adder (D:2)
  An ooze (D:2)
  3 worms (D:2)
  2 dart slugs (D:1)
  2 leopard geckos
  4 orcs
  3 giant cockroaches
  10 goblins
  2 hobgoblins
  6 kobolds
  3 bats
  3 frilled lizards
  4 rats
49 creatures vanquished.

Notes
Turn   | Place    | Note
-------+----------+-------------------------------------------
     0 | D:1      | wvc the Gnoll Wanderer began the quest for the Orb.
     0 | D:1      | wvc set off with: 2 curare-tipped needles, a +2 blowgun, a +0 hand crossbow, 26 bolts, a +0 ring mail, a bread ration
     0 | D:1      | Reached XP level 1. HP: 20/20 MP: 1/1
    55 | D:1      | Reached XP level 2. HP: 26/26 MP: 2/2
   204 | D:1      | Reached XP level 3. HP: 31/31 MP: 3/3
   458 | D:1      | You fall through a shaft!
   469 | D:2      | Reached skill level 1 in Invocations
   514 | D:2      | Reached skill level 1 in Short Blades
   514 | D:2      | Reached skill level 1 in Long Blades
   514 | D:2      | Reached skill level 1 in Axes
   514 | D:2      | Reached skill level 1 in Maces & Flails
   514 | D:2      | Reached skill level 1 in Polearms
   514 | D:2      | Reached skill level 1 in Staves
   514 | D:2      | Reached skill level 1 in Slings
   514 | D:2      | Reached skill level 1 in Bows
   514 | D:2      | Reached skill level 1 in Dodging
   514 | D:2      | Reached skill level 1 in Shields
   514 | D:2      | Reached skill level 1 in Unarmed Combat
   514 | D:2      | Reached skill level 1 in Spellcasting
   514 | D:2      | Reached skill level 1 in Evocations
   532 | D:2      | Reached XP level 4. HP: 26/38 MP: 5/5
   867 | D:2      | Found a sacrificial altar of Ru.
   874 | D:2      | Found an iron altar of Okawaru.
   970 | D:2      | Found a glowing golden altar of the Shining One.
  1029 | D:3      | Noticed Natasha
  1334 | D:2      | Killed Natasha
  1334 | D:2      | Reached skill level 1 in Conjurations
  1334 | D:2      | Reached skill level 1 in Hexes
  1334 | D:2      | Reached skill level 1 in Charms
  1334 | D:2      | Reached skill level 1 in Summonings
  1334 | D:2      | Reached skill level 1 in Necromancy
  1334 | D:2      | Reached skill level 1 in Translocations
  1334 | D:2      | Reached skill level 1 in Transmutations
  1334 | D:2      | Reached skill level 1 in Fire Magic
  1334 | D:2      | Reached skill level 1 in Ice Magic
  1334 | D:2      | Reached skill level 1 in Air Magic
  1334 | D:2      | Reached skill level 1 in Earth Magic
  1334 | D:2      | Reached skill level 1 in Poison Magic
  1508 | D:3      | Reached XP level 5. HP: 28/43 MP: 5/7
  1650 | D:3      | Noticed mortelune's ghost (amateur GrFi)
  1670 | D:2      | Noticed Natasha
  1676 | D:2      | Killed Natasha
  1719 | D:2      | Became a worshipper of Warmaster Okawaru
  1744 | D:2      | Noticed Natasha
  1745 | D:2      | Killed Natasha
  1891 | D:3      | HP: 1/43 [mortelune's ghost (11)]
  1897 | D:3      | Mangled by mortelune's ghost

Vault maps used:
D:1:      mrwooster_arrival_statue_2
D:2:      minitemple
D:3:      first_bread, uniq_natasha, uniq_ijyb

Skill      XL: |  1  2  3  4  5 |
---------------+----------------+-----
Invocations    | 1 |  1.7
Short Blades   | 1 |  1.5
Long Blades    | 1 |  1.5
Axes           | 1 |  1.5
Maces & Flails | 1 |  1.5
Polearms       | 1 |  1.5
Staves         | 1 |  1.5
Slings         | 1 |  1.5
Bows           | 1 |  1.5
Dodging        | 1 |  1.5
Shields        | 1 |  1.5
Unarmed Combat | 1 |  1.5
Spellcasting   | 1 |  1.5
Evocations     | 1 |  1.5
Conjurations   | 1 |  1.2
Hexes          | 1 |  1.2
Charms         | 1 |  1.2
Summonings     | 1 |  1.2
Necromancy     | 1 |  1.2
Translocations | 1 |  1.2
Transmutations | 1 |  1.2
Fire Magic     | 1 |  1.2
Ice Magic      | 1 |  1.2
Air Magic      | 1 |  1.2
Earth Magic    | 1 |  1.2
Poison Magic   | 1 |  1.2
Throwing       | 3 |  3.0
Fighting       | |  4.8
Crossbows      | |  4.8
Armour         | |  8.6
Stealth        | |  2.8

Action                   |  1- 3 |  4- 6 || total
-------------------------+-------+-------++-------
 Fire: Hand crossbow     |    66 |    78 ||   144
  Use: Scroll            |       |     4 ||     4
  Eat: Royal jelly       |       |     1 ||     1
       Chunk             |       |     1 ||     1
Armor: Ring mail         |    12 |    14 ||    26
Dodge: Dodged            |    10 |    32 ||    42

Table legend:
 A = Spawn XP
 B = Non-spawn XP
 C = Spawn XP percentage of total XP
 D = Spawn monster count
 E = Non-spawn monster count
 F = Spawn count percentage of total count
 G = Total turns spent on level
                    A         B        C        D         E        F      G
               +---------+---------+-------+---------+---------+-------+---------
         Total |       0 |     275 |   0.0 |       0 |      49 |   0.0 |  1897
               +---------+---------+-------+---------+---------+-------+---------
           D:1 |       0 |      48 |   0.0 |       0 |      18 |   0.0 |   521
           D:2 |       0 |     177 |   0.0 |       0 |      26 |   0.0 |  1089
           D:3 |       0 |      50 |   0.0 |       0 |       5 |   0.0 |   287
               +---------+---------+-------+---------+---------+-------+---------
